 Dungeon Crawl Stone Soup version 0.29.1-1-gd02db6906a (webtiles) character file.

Game seed: 14241246398611030092

179820 Godmorgon the Stormcaller (level 18, -7/108 HPs)
             Began as a Tengu Air Elementalist on Oct 14, 2022.
             Was a High Priest of Vehumet.
             Mangled by a tentacle (9 damage)
             ... attached to a kraken
             ... on level 3 of the Shoals on Oct 15, 2022.
             The game lasted 04:52:57 (49024 turns).

Godmorgon the Stormcaller (Tengu Air Elementalist) Turns: 49024, Time: 04:52:58

Health: -7/108     AC: 13    Str:  9    XL:     18   Next: 25%
Magic:  28/35      EV: 18    Int: 21    God:    Vehumet [*****.]
Gold:   2238       SH: 12    Dex: 17    Spells: 2/41 levels left

rFire   . . .      SeeInvis .   b - staff of air
rCold   . . .      Faith    .   e - +1 buckler
rNeg    . . .      Spirit   .   U - +0 steam dragon scales
rPois   .          Reflect  +   (helmet restricted)
rElec   +          Harm     .   N - +1 cloak
rCorr   .          Rampage  .   f - +0 pair of gloves
Will    ++...                   (boots unavailable)
Stlth   ++........              L - amulet of reflection
HPRegen 0.28/turn               s - ring of willpower
MPRegen 0.24/turn               z - +4 ring of protection

@: flying quickly and evasively, quick
A: beak, talons 3, nimble flight
a: Renounce Religion


You were on level 3 of the Shoals.
You worshipped Vehumet.
Vehumet was extremely pleased with you.
You visited 5 branches of the dungeon, and saw 27 of its levels.
You also visited: Sewer, Ossuary and Gauntlet.

You collected 2484 gold pieces.
You spent 246 gold pieces at shops.

Inventory:

Hand Weapons
 c - a +6 scimitar of electrocution
Missiles
 g - 14 throwing nets
 k - 15 javelins
 E - 15 curare-tipped darts (quivered)
 W - 3 boomerangs of dispersal
 X - 6 poisoned darts
Armour
 d - a +2 robe of resistance
 e - a +1 buckler (worn)
 f - a +0 pair of gloves (worn)
 j - the +4 scale mail of Ubreassa {Int+2}
   (You found it on level 1 of the Spider Nest)

   Int:       It affects your intelligence (+2).
 w - a +0 tower shield
 N - a +1 cloak (worn)
 U - +0 steam dragon scales (worn)
Magical Staves
 a - a staff of conjuration
 b - a staff of air (weapon)
Jewellery
 s - a ring of willpower (left hand)
 u - a ring of protection from fire
 z - a +4 ring of protection (right hand)
 F - an amulet of regeneration
 L - an amulet of reflection (around neck)
 R - a ring of resist corrosion
Wands
 n - a wand of roots (18)
 q - a wand of mindburst (22)
 A - a wand of paralysis (24)
 J - a wand of acid (6)
 M - a wand of digging (4)
Scrolls
 l - 5 scrolls of vulnerability
 o - 20 scrolls of teleportation
 p - 3 scrolls of immolation
 r - 2 scrolls of identify
 y - 4 scrolls of fear
 G - 3 scrolls of butterflies
 H - 2 scrolls of magic mapping
 O - 3 scrolls of summoning
 Q - 4 scrolls of poison
Potions
 h - 8 potions of brilliance
 i - 7 potions of attraction
 m - 11 potions of curing
 t - 2 potions of berserk rage
 v - 4 potions of cancellation
 x - 5 potions of lignification
 D - a potion of magic
 I - 3 potions of might
 K - 3 potions of invisibility
 P - a potion of resistance
 T - 2 potions of haste
 V - a potion of heal wounds
Miscellaneous
 B - a condenser vane
 C - a phial of floods
 S - a box of beasts


   Skills:
 * Level 10.5 Fighting
 + Level 4.3 Long Blades
 - Level 5.0 Armour
 + Level 6.2 Dodging
 - Level 2.0 Stealth
 - Level 5.0 Shields
 * Level 12.4 Spellcasting
 + Level 18.6 Conjurations
 + Level 10.7 Fire Magic
 + Level 20.5 Air Magic
 - Level 10.0 Poison Magic


You had 2 spell levels left.
You knew the following spells:

 Your Spells              Type           Power      Damage    Failure   Level
a - Airstrike             Air            49%        2d(8-24)  0%          4
c - Freezing Cloud        Conj/Ice/Air   40%        6-21      1%          5
f - Conjure Flame         Conj/Fire      66%        6-21      1%          3
i - Ignite Poison         Fire/Tmut/Pois 42%        N/A       1%          3
l - Lightning Bolt        Conj/Air       48%        1d69      1%          5
o - Orb of Destruction    Conj           37%        9d11      1%          7
p - Poisonous Vapours     Pois/Air       100%       N/A       0%          2
s - Starburst             Conj/Fire      33%        6d10      1%          6
t - Olgreb's Toxic Radia  Pois           53%        N/A       1%          4

Your spell library contained the following spells:

 Spells                   Type           Power      Damage    Failure   Level
 Spellforged Servitor     Conj/Summ      25%        N/A       28%         7
 Foxfire                  Conj/Fire      100%       2x1d9     0%          1
 Shock                    Conj/Air       100%       1d9       0%          1
 Static Discharge         Conj/Air       97%        3-16/arc  0%          2
 Freeze                   Ice            52%        1d7       1%          1
 Sting                    Tmut/Pois      100%       1d8       1%          1
 Slow                     Hex            52%        N/A       6%          1
 Blink                    Tloc           26%        N/A       10%         2
 Swiftness                Air            99%        N/A       0%          3
 Inner Flame              Hex/Fire       35%        N/A       1%          3
 Flame Wave               Conj/Fire      66%        2d15      1%          4
 Hailstorm                Conj/Ice       51%        3d11      1%          4
 Sticky Flame             Conj/Fire      66%        2d8       1%          4
 Frozen Ramparts          Ice            26%        1d4       5%          3
 Confusing Touch          Hex            13%        N/A       19%         3
 Vampiric Draining        Necr           13%        2d6       19%         3
 Animate Dead             Necr           13%        N/A       54%         4
 Storm Form               Tmut/Air       35%        N/A       63%         7
 Borgnjor's Vile Clutch   Necr/Erth      6%         N/A       87%         5
 Manifold Assault         Tloc           13%        N/A       87%         5
 Death Channel            Necr           6%         N/A       100%        6
 Haunt                    Necr/Summ      6%         N/A       100%        7
 Malign Gateway           Summ/Tloc      6%         N/A       100%        7
 Infestation              Necr           6%         N/A       100%        8
 Summon Horrible Things   Summ           6%         N/A       100%        8


Dungeon Overview and Level Annotations

Branches:
Dungeon (15/15)            Temple (0/1) D:4            Lair (5/5) D:8
 Shoals (3/4) Lair:2       Spider (2/4) Lair:2        Slime (0/5) Lair:4
    Orc (2/2) D:10            Elf (0/3) Orc:2        Vaults (0/5) D:13
 Depths (0/4) D:15          Sewer (visited)         Ossuary (visited)
Gauntlet (visited)

Altars:
Ashenzari
Dithmenos
Elyvilon
Fedhas
Gozag
Hepliaklqana
Sif Muna
Vehumet
Xom
Zin
The Shining One
Jiyva

Shops:
D:8 *   D:10 (   D:15 =   Orc:2 *[((


Innate Abilities, Weirdness & Mutations

You have a beak for a mouth.
You have claws for feet.
Your magical nature lets you fly swiftly and evasively.


Message History

The tentacle closely misses you. x2
Casting: Airstrike (safe; 0% risk of failure)
Confirm with . or Enter, or press ? or * to list all spells.
Aiming: Airstrike (safe; 0% risk of failure)
Press: ? - help, Dir - move target, f - kraken
Aim: a kraken (water, empty space bonus: 8/8)
You feel a surge of power!
The air twists around and strikes the kraken.
The kraken is lightly wounded.
The tentacle completely misses you. You block the tentacle's attack.
The tentacle slaps you! The tentacle slaps you!!
A tentacle segment bursts forth from the water. x7
You block the tentacle's attack. The tentacle completely misses you. x2
The tentacle slaps you but does no damage.
Casting: Airstrike (safe; 0% risk of failure)
Confirm with . or Enter, or press ? or * to list all spells.
Aiming: Airstrike (safe; 0% risk of failure)
Press: ? - help, Dir - move target, f/p - kraken
Aim: a kraken (water, lightly wounded, empty space bonus: 8/8)
You feel a surge of power!
The air twists around and strikes the kraken but does no damage.
The tentacle slaps you but does no damage.
The tentacle completely misses you. The tentacle slaps you!
You block the tentacle's attack.
A tentacle segment bursts forth from the water.
You block the tentacle's attack. The tentacle slaps you!!
The tentacle slaps you but does no damage.
The tentacle misses you. You block the tentacle's attack.
The tentacle slaps you. You block the tentacle's attack.
The tentacle completely misses you. The tentacle slaps you.
The tentacle closely misses you. The tentacle closely misses you.
A tentacle segment bursts forth from the water.
You block the tentacle's attack. The tentacle slaps you!!
* * * LOW HITPOINT WARNING * * *
The tentacle misses you. The tentacle slaps you!!
* * * LOW HITPOINT WARNING * * *
The tentacle closely misses you. The tentacle slaps you!
You die...

################################
≈≈≈≈≈≈≈≈≈≈≈≈≈≈≈≈≈≈≈≈≈≈≈≈≈≈≈≈≈≈≈≈
≈≈≈≈≈≈≈≈≈≈≈≈≈≈≈≈≈≈≈≈≈≈≈≈≈≈≈≈≈≈≈≈
≈≈≈≈≈≈≈≈≈≈≈≈≈≈≈≈≈≈≈≈≈≈≈≈≈≈≈≈≈≈≈≈
≈≈≈≈≈≈≈≈≈≈≈≈≈≈≈≈≈w≈≈≈≈≈≈≈≈≈≈≈≈≈≈
≈≈≈≈≈≈≈≈≈≈≈≈≈≈≈≈@wX≈≈≈≈≈≈≈≈≈≈≈≈≈
≈≈≈≈≈≈≈≈≈≈≈≈≈≈≈≈ww≈≈≈≈≈≈≈≈≈≈≈≈≈≈
~~≈≈≈≈≈≈≈≈≈≈≈≈≈≈≈≈≈≈≈≈≈≈≈≈≈≈≈≈≈≈
~~~≈≈≈≈≈≈≈≈≈≈≈≈≈≈≈≈≈≈≈≈≈≈≈≈≈≈≈≈≈
.~~~≈≈≈≈≈≈≈≈≈≈≈≈≈≈≈≈≈≈≈≈≈≈≈≈≈≈≈≈
..~~≈≈≈≈≈≈≈≈≈≈≈≈≈≈≈≈≈≈≈≈≈≈≈≈≈≈≈≈
..~~≈≈≈≈≈≈≈≈≈≈≈≈≈≈≈≈≈≈≈≈≈≈≈≈≈≈≈≈
≈≈≈≈≈≈≈≈≈≈≈≈≈≈≈≈≈≈


You could see a kraken and 4 tentacles.

Vanquished Creatures
  Jorgrun (Shoals:1)
  A kraken (Shoals:3)
  Louise (Spider:1)
  An emperor scorpion (Spider:2)
  An orc warlord (Orc:2)
  Nessos (Lair:5)
  A dire elephant (D:15)
  Snorg (Lair:4)
  3 merfolk impalers
  A fire dragon (Lair:5)
  Josephine (Orc:1)
  3 boulder beetles
  Erolcha (D:12)
  10 hydras
  An ogre mage (D:15)
  A merfolk avatar (Shoals:3)
  5 centaur warriors
  9 two-headed ogres
  4 radroaches
  2 dancing weapons (D:13)
  3 merfolk aquamancers
  An alligator snapping turtle (Shoals:3)
  A satyr (Shoals:3)
  2 orc high priests (Orc:1)
  4 death yaks (Lair:4)
  Urug (D:11)
  A fire crab (Lair:5)
  2 skeletal warriors (D:15)
  3 pharaoh ants
  2 sea snakes
  4 steelbarb worms
  A wizard (D:11)
  2 orb spiders (Spider:1)
  8 orc knights
  A lindwurm (Lair:5)
  2 deep elf pyromancers
  10 fauns
  9 harpies
  8 cyclopes
  A wolf spider (shapeshifter) (D:13)
  8 manticores
  5 orc sorcerers
  20 ugly things
  6 oklob plants
  2 wolf spiders
  8 black mambas
  A manticore (shapeshifter) (D:14)
  Maurice (D:8)
  6 water nymphs
  5 merfolk sirens
  2 elephants
  3 molten gargoyles (Lair:5)
  A gargoyle (D:12)
  8 komodo dragons
  13 cane toads
  2 torpor snails
  2 demonic crawlers (Spider:1)
  2 rime drakes (Lair:5)
  A freezing wraith (D:15)
  3 unseen horrors
  An efreet (D:15)
  A yaktaur (D:15)
  16 merfolk
  3 meliai (Spider:2)
  26 blink frogs
  A wolf spider simulacrum (D:15)
  2 hornets
  3 trolls
  3 polar bears
  25 slime creatures
  14 tarantellas
  5 wind drakes
  10 dream sheep
  9 snapping turtles
  8 jumping spiders (Spider:1)
  12 culicivoras
  31 yaks
  A centaur simulacrum (D:14)
  3 vampires
  7 wraiths
  10 wyverns
  7 water elementals
  5 basilisks
  3 fire bats (Lair:3)
  3 vampire mosquitoes (D:13)
  21 redbacks
  4 wargs
  2 steam dragons
  22 water moccasins
  4 acid dragons
  4 hell hounds (Lair:5)
  3 ice beasts
  38 orc warriors
  3 black bears (Lair:5)
  10 ogres
  21 centaurs
  6 wolves
  A phantom (D:6)
  2 elf zombies (Ossuary)
  5 kobold brigands
  8 bullfrogs
  2 scorpions
  7 gnoll sergeants
  4 wights (D:8)
  3 killer bees (D:9)
  2 howler monkeys
  5 electric eels (Lair:3)
  5 lava snakes (Lair:5)
  3 centaur zombies (Ossuary)
  2 jellies
  4 gnoll boudas (D:10)
  6 hounds
  19 orc priests
  7 human zombies (Ossuary)
  3 iguanas
  28 orc wizards
  A hell rat (Sewer)
  3 mummies (Ossuary)
  40 gnolls
  3 adders
  A river rat (Sewer)
  3 shadow imps
  2 white imps (D:7)
  3 ufetubi
  4 worms
  A dart slug (D:4)
  87 orcs
  4 endoplasms
  A giant cockroach (D:2)
  3 goblins
  6 hobgoblins
  7 jackals (D:10)
  A quokka (D:1)
  3 training dummies (D:10)
  4 ball pythons
  5 bats
  4 frilled lizards
  A hobgoblin zombie (D:5)
  28 kobolds
  10 rats
  A tentacle (Shoals:3)
903 creatures vanquished.

Vanquished Creatures (others)
  A merfolk aquamancer (Shoals:3)
  An ugly thing (D:14)
  45 fungi
  126 plants
  11 tentacles (Shoals:3)
  22 withered plants (Gauntlet)
206 creatures vanquished.

Grand Total: 1109 creatures vanquished

Notes
Turn   | Place    | Note
-------+----------+-------------------------------------------
     0 | D:1      | Godmorgon the Tengu Air Elementalist began the quest for
                  | the Orb.
     0 | D:1      | Reached XP level 1. HP: 10/10 MP: 4/4
   354 | D:1      | Reached XP level 2. HP: 14/15 MP: 3/6
   357 | D:1      | Learned a level 2 spell: Static Discharge
   786 | D:1      | Reached skill level 1 in Shields
  1046 | D:2      | Reached XP level 3. HP: 19/19 MP: 4/7
  1354 | D:2      | Found a faded altar of an unknown god.
  1767 | D:2      | Reached XP level 4. HP: 17/24 MP: 2/8
  1895 | D:2      | Reached skill level 5 in Air Magic
  2717 | D:3      | Learned a level 2 spell: Poisonous Vapours
  2948 | D:3      | Found a white marble altar of Elyvilon.
  2950 | D:3      | Found a radiant altar of Vehumet.
  2958 | D:3      | Became a worshipper of Vehumet
  2965 | D:3      | Found a glowing silver altar of Zin.
  3040 | D:3      | Found a shimmering blue altar of Sif Muna.
  3064 | D:4      | Found an opulent altar of Gozag.
  3239 | D:4      | Found a glowing drain.
  3270 | Sewer    | Entered a sewer
  3399 | Sewer    | Gained mutation: Your magical nature lets you fly swiftly
                  | and evasively. [Tengu growth]
  3399 | Sewer    | Reached XP level 5. HP: 27/28 MP: 5/9
  3453 | Sewer    | Identified the +6 hand axe of the Eye-covered God {venom,
                  | *Rage rPois rF+++ Dex-2}
  3499 | D:4      | Found a staircase to the Ecumenical Temple.
  3578 | D:4      | Reached skill level 1 in Poison Magic
  3602 | D:4      | Reached * piety under Vehumet
  3602 | D:4      | Offered knowledge of Magic Dart by Vehumet.
  4408 | D:5      | Entered Level 5 of the Dungeon
  4412 | D:5      | Found a sand-covered staircase.
  4434 | Ossuary  | Entered an ossuary
  4479 | Ossuary  | Reached XP level 6. HP: 21/32 MP: 3/11
  4683 | Ossuary  | Reached skill level 6 in Air Magic
  4882 | Ossuary  | Reached XP level 7. HP: 17/36 MP: 0/12
  5635 | Ossuary  | Reached skill level 5 in Conjurations
  5908 | D:5      | Learned a level 4 spell: Airstrike
  6442 | D:5      | Reached XP level 8. HP: 41/41 MP: 12/14
  6772 | D:6      | Reached skill level 7 in Air Magic
  6799 | D:6      | Identified the +9 short sword of Rubbish {speed, Str+6}
  7259 | D:6      | Found a broken altar of Ashenzari.
  7512 | D:6      | Reached ** piety under Vehumet
  7592 | D:6      | Offered knowledge of Sandblast by Vehumet.
  7599 | D:6      | Reached skill level 8 in Air Magic
  7603 | D:6      | Reached skill level 5 in Shields
  7924 | D:7      | Reached XP level 9. HP: 45/45 MP: 10/15
  8395 | D:7      | Found a hazy altar of Hepliaklqana.
  8476 | D:7      | Reached skill level 5 in Poison Magic
  9362 | D:8      | Noticed a hornet
  9396 | D:8      | Found Lalexisu's General Store.
  9401 | D:8      | Reached skill level 9 in Air Magic
  9510 | D:8      | Bought a scroll of identify for 24 gold pieces
  9522 | D:8      | Bought a potion of curing for 36 gold pieces
  9522 | D:8      | Bought a potion of curing for 36 gold pieces
  9522 | D:8      | Bought a scroll of summoning for 114 gold pieces
  9544 | D:8      | Killed a hornet
  9955 | D:8      | Noticed Maurice
 10145 | D:8      | Offered knowledge of Conjure Flame by Vehumet.
 10147 | D:8      | Reached skill level 10 in Air Magic
 10210 | D:8      | Reached skill level 5 in Spellcasting
 10467 | D:8      | Killed Maurice
 10468 | D:8      | Reached XP level 10. HP: 50/50 MP: 11/18
 10660 | D:8      | Found a shimmering altar of Xom.
 10662 | D:8      | Found a shimmering altar of Xom.
 10663 | D:8      | Found a shimmering altar of Xom.
 10685 | D:8      | Found a shadowy altar of Dithmenos.
 10717 | D:8      | Reached skill level 10 in Conjurations
 10789 | D:8      | Reached skill level 11 in Air Magic
 10880 | D:8      | Learned a level 3 spell: Conjure Flame
 10890 | D:8      | Reached *** piety under Vehumet
 11033 | D:8      | Found a glowing golden altar of the Shining One.
 11170 | D:8      | Found a staircase to the Lair.
 11204 | D:8      | Found a shimmering altar of Xom.
 11205 | D:8      | Found a shimmering altar of Xom.
 11301 | Lair:1   | Entered Level 1 of the Lair of Beasts
 11507 | Lair:1   | Noticed a cane toad
 11513 | Lair:1   | Killed a cane toad
 11597 | Lair:1   | Found a gate leading to a gauntlet.
 11701 | Gauntlet | Entered a Gauntlet
 11701 | Gauntlet | Found a transporter.
 11701 | Gauntlet | Found a transporter.
 11703 | Gauntlet | Noticed a fire crab
 11704 | Gauntlet | Found a transporter.
 11727 | Gauntlet | Found a transporter.
 11729 | Gauntlet | Noticed a spectral death yak
 11729 | Gauntlet | Noticed a death scarab
 11730 | Gauntlet | Noticed a spectral death yak
 11733 | Gauntlet | Noticed a death scarab
 11737 | Gauntlet | Found a transporter.
 11760 | Gauntlet | Noticed a gargoyle
 11762 | Gauntlet | Found a transporter.
 11768 | Gauntlet | Found a transporter.
 11776 | Gauntlet | Found a transporter.
 11796 | Gauntlet | Found a transporter.
 11804 | Gauntlet | Found a transporter.
 11821 | Gauntlet | Found a transporter.
 11828 | Gauntlet | Noticed a harpy
 11832 | Gauntlet | Found a transporter.
 11832 | Gauntlet | Noticed an orb spider
 11854 | Gauntlet | Noticed a catoblepas
 11855 | Gauntlet | Noticed a steelbarb worm
 11855 | Gauntlet | an orb spider changed into a steelbarb worm
 11866 | Gauntlet | a steelbarb worm changed into a merfolk
 11896 | Gauntlet | Noticed a cane toad
 11896 | Gauntlet | a raiju changed into a cane toad
 11986 | Lair:1   | Noticed a cane toad
 11988 | Lair:1   | Killed a cane toad
 12375 | Lair:1   | Reached skill level 12 in Air Magic
 12726 | Lair:1   | Reached XP level 11. HP: 41/54 MP: 1/21
 13188 | Lair:2   | Learned a level 3 spell: Ignite Poison
 13193 | Lair:2   | Learned a level 4 spell: Olgreb's Toxic Radiance
 13249 | Lair:2   | Reached skill level 13 in Air Magic
 13421 | Lair:2   | Offered knowledge of Stone Arrow by Vehumet.
 13442 | Lair:2   | Found a hole to the Spider Nest.
 14242 | Lair:2   | Found a staircase to the Shoals.
 14251 | Lair:2   | Reached skill level 14 in Air Magic
 15088 | Lair:3   | Reached XP level 12. HP: 59/59 MP: 11/23
 15287 | Lair:3   | Reached **** piety under Vehumet
 15429 | Lair:3   | Offered knowledge of Freezing Cloud by Vehumet.
 15436 | Lair:3   | Learned a level 5 spell: Freezing Cloud
 16009 | Lair:3   | Reached skill level 15 in Air Magic
 16372 | Lair:3   | Noticed a five-headed hydra
 16375 | Lair:3   | Killed a five-headed hydra
 16865 | Lair:4   | Noticed an eight-headed hydra
 16871 | Lair:4   | Killed an eight-headed hydra
 17061 | Lair:4   | Noticed Snorg
 17329 | Lair:4   | Noticed a five-headed hydra
 17336 | Lair:4   | Killed a five-headed hydra
 17337 | Lair:4   | Reached skill level 15 in Conjurations
 17337 | Lair:4   | Reached skill level 1 in Fire Magic
 17523 | Lair:4   | Noticed a death yak
 17621 | Lair:4   | Killed a death yak
 17734 | Lair:4   | Noticed a death yak
 17734 | Lair:4   | Noticed a death yak
 17736 | Lair:4   | Noticed a death yak
 17748 | Lair:4   | Killed a death yak
 17762 | Lair:4   | Killed a death yak
 17857 | Lair:4   | Killed Snorg
 17858 | Lair:4   | Reached skill level 16 in Air Magic
 18036 | Lair:4   | Found a viscous altar of Jiyva.
 18036 | Lair:4   | Found a staircase to the Slime Pits.
 18085 | Lair:4   | Reached XP level 13. HP: 63/63 MP: 19/26
 19132 | Lair:5   | Entered Level 5 of the Lair of Beasts
 19220 | Lair:5   | Noticed Nessos
 19455 | Lair:5   | Killed Nessos
 19456 | Lair:5   | Reached skill level 5 in Fire Magic
 20021 | Lair:5   | Reached ***** piety under Vehumet
 20021 | Lair:5   | Offered knowledge of Fulminant Prism by Vehumet.
 20433 | Lair:5   | Identified a scroll of acquirement
 20441 | Lair:5   | Acquired an amulet of reflection
 20506 | Lair:5   | Reached skill level 1 in Fighting
 20804 | Lair:5   | Reached skill level 17 in Air Magic
 21419 | Lair:5   | Found a large runed translucent door.
 21419 | Lair:5   | Found a large runed translucent door.
 21829 | Lair:5   | Reached XP level 14. HP: 57/74 MP: 12/27
 23525 | D:9      | Offered knowledge of Lightning Bolt by Vehumet.
 23616 | D:9      | Learned a level 5 spell: Lightning Bolt
 23643 | D:9      | Identified the +1 pair of boots "Zyotoheul" {Will+ Str+3
                  | Int+2}
 24204 | D:10     | Entered Level 10 of the Dungeon
 24880 | D:10     | Found a blossoming altar of Fedhas.
 25195 | D:10     | Found a staircase to the Orcish Mines.
 25209 | D:10     | Offered knowledge of Lee's Rapid Deconstruction by Vehumet.
 25281 | D:10     | Found Jiw Runt's Firing Range.
 25347 | D:10     | Bought a throwing net for 36 gold pieces
 25920 | D:11     | Noticed Urug
 27082 | D:11     | Killed Urug
 27349 | D:11     | Reached skill level 5 in Fighting
 27525 | D:12     | Noticed Erolcha
 27530 | D:12     | Killed Erolcha
 27531 | D:12     | Reached skill level 18 in Air Magic
 27995 | D:12     | Offered knowledge of Orb of Destruction by Vehumet.
 29384 | D:13     | Found a gate to the Vaults.
 29532 | D:13     | Reached XP level 15. HP: 72/84 MP: 18/29
 30034 | D:13     | Acquired a staff of air
 30682 | D:13     | Learned a level 7 spell: Orb of Destruction
 31269 | D:14     | Reached skill level 1 in Armour
 31271 | D:14     | HP: 2/84 [centaur warrior/arrow (11)]
 32249 | D:14     | Reached skill level 10 in Fire Magic
 32249 | D:14     | Reached XP level 16. HP: 92/92 MP: 27/30
 32691 | D:15     | Entered Level 15 of the Dungeon
 32696 | D:15     | Reached skill level 19 in Air Magic
 33252 | D:15     | Reached skill level 5 in Dodging
 33463 | D:15     | Found Numnuhad's Jewellery Boutique.
 34316 | D:15     | Reached skill level 10 in Spellcasting
 35019 | D:15     | Reached skill level 5 in Armour
 35173 | D:15     | Found a staircase to the Depths.
 35625 | Orc:1    | Entered Level 1 of the Orcish Mines
 35688 | Orc:1    | Noticed Josephine
 35703 | Orc:1    | Killed Josephine
 36013 | Orc:1    | Paralysed by an orc sorcerer for 2 turns
 36307 | Orc:1    | Offered knowledge of Starburst by Vehumet.
 36658 | Orc:2    | Entered Level 2 of the Orcish Mines
 36706 | Orc:2    | Reached skill level 10 in Poison Magic
 36990 | Orc:2    | Reached XP level 17. HP: 70/99 MP: 25/32
 37352 | Orc:2    | Found a staircase to the Elven Halls.
 39028 | Orc:2    | Found Salobom's Armour Shoppe.
 39028 | Orc:2    | Found Giliesio's Weapon Boutique.
 39028 | Orc:2    | Found Ejuss's Antique Weapon Shop.
 39032 | Orc:2    | Found Syluono's Assorted Antiques.
 39371 | Spider:1 | Entered Level 1 of the Spider Nest
 39642 | Spider:1 | Reached skill level 20 in Air Magic
 39657 | Spider:1 | Reached skill level 1 in Long Blades
 40816 | Spider:1 | Noticed Louise
 40979 | Spider:1 | Killed Louise
 41777 | Spider:1 | Identified the +4 scale mail of Ubreassa {Int+2}
 41854 | Spider:1 | Reached ****** piety under Vehumet
 42567 | Spider:2 | Learned a level 6 spell: Starburst
 42614 | Spider:2 | Offered knowledge of Fireball by Vehumet.
 43507 | Shoals:1 | Entered Level 1 of the Shoals
 45180 | Shoals:1 | Noticed Jorgrun
 45188 | Shoals:1 | Killed Jorgrun
 46110 | Shoals:2 | Reached skill level 10 in Fighting
 47142 | Shoals:3 | Reached XP level 18. HP: 107/107 MP: 20/35
 48392 | Shoals:3 | Offered knowledge of Spellforged Servitor by Vehumet.
 49024 | Shoals:3 | HP: 2/108 [tentacle[a kraken] (20)]
 49024 | Shoals:3 | Mangled by a tentacle

Illustrated notes

Levels and vault maps discovered:
D:1:      tarquinn_simple_flora_water_a, layout_loops_ring
D:2:      layout_rooms, shapermc_ecumenical_altar_gd
D:3:      layout_basic, lemuel_blue_sif_altar, minmay_overflow_temple_star_quad
D:4:      layout_loops_ring, nicolae_gozag_seed_capital,
          minmay_temple_entry_overgrown, cheibrodos_sewer_entry_bend
D:5:      layout_loops_ring, enter_ossuary_3, chequers_mini_garden
D:6:      layout_rooms, overflow_temple_1_default
D:7:      layout_basic, mainiacjoe_overflow_paths
D:8:      layout_rooms, tso_metal_star, xom_redecorated,
          mainiacjoe_overflow_cross_hatched, lair_entry_dummy, serial_shops,
          shop, uniq_maurice
D:9:      layout_basic, st_stairs_2
D:10:     layout_cave_pools, tgw_fedhas, serial_gnoll_camp,
          gnoll_camp_huts_basic, gnoll_camp_medium_01, gnoll_camp_mini_sergeant,
          gnoll_camp_medium_02, gnoll_camp_mini_hut, gnoll_camp_mini_house,
          nicolae_shop_firing_range
D:11:     layout_irregular_city, uniq_urug
D:12:     layout_long_grid, uniq_erolcha
D:13:     layout_grid_maze, erik_vaults_1
D:14:     layout_cave_pools, grunt_decor_arrowhead
D:15:     hangedman_depths_entry_try_elsewhere_first, layout_basic,
          minmay_misc_feat_roman, minmay_shop_enchanted_jewellery
Lair:1:   layout_loops_ring, gauntlet_entry_generic
Lair:2:   layout_small_grid, elwin_shoals_entry_stream,
          hellmonk_spider_entry_life_and_decay
Lair:3:   layout_gridlike, grunt_megastairs_1, lemuel_fruit_tree,
          serial_bayou_shore_a, serial_bayou_shore_b, serial_bayou_shore_b
Lair:4:   minmay_lair_oklob_chamber, layout_gridlike, dpeg_slime_entry_enclosed,
          grunt_megastairs_2, uniq_snorg
Lair:5:   cheibrodos_lair_end_hotspot, layout_regular_city,
          nicolae_lair_lakeside_cave, uniq_nessos
Shoals:1: layout_shoals, nicolae_shoals_lost_giant_amphitheater, uniq_jorgrun
Shoals:2: layout_shoals
Shoals:3: layout_shoals, nicolae_shoals_water_shrine
Spider:1: layout_spider_delve, hellmonk_test_site,
          hangedman_spider_tarantella_strand, uniq_louise
Spider:2: layout_chambers, nicolae_spider_webs_and_nodes,
          guppyfry_spider_mini_2, uniq_arachne
Orc:1:    layout_diamond_mine, bloody_makhleb, uniq_josephine
Orc:2:    st_orc_rangers, layout_diamond_mine, mines2_david

Skill      XL: |  1  2  3  4  5  6  7  8  9 10 11 12 13 14 15 16 17 18 |
---------------+-------------------------------------------------------+-----
Shields        | 1 2 3 4 5 |  5.0
Conjurations   | 2 3 4 5 6 9 12 13 15 16 17 18 | 18.6
Air Magic      | 5 6 8 10 12 14 16 17 18 19 20 | 20.5
Poison Magic   | 1 2 3 4 5 6 7 8 9 10 | 10.0
Spellcasting   | 3 5 6 7 8 9 10 12 | 12.4
Fire Magic     | 3 6 9 10 | 10.7
Fighting       | 3 6 7 8 10 | 10.5
Armour         | 3 5 |  5.0
Dodging        | 4 5 6 |  6.2
Long Blades    | 3 4 |  4.3
Stealth        | |  2.0

Action                   |  1- 3 |  4- 6 |  7- 9 | 10-12 | 13-15 | 16-18 || total
-------------------------+-------+-------+-------+-------+-------+-------++-------
Melee: Dagger            |     2 |    10 |     3 |       |       |       ||    15
       Peck              |       |     1 |     1 |       |     1 |     9 ||    12
       Kick              |       |     4 |       |     3 |     2 |    14 ||    23
       Short sword       |       |       |     1 |    13 |     3 |    14 ||    31
       Staff             |       |       |       |       |     9 |     2 ||    11
       Scimitar          |       |       |       |       |       |    24 ||    24
Throw: Dart              |       |       |       |     2 |       |     6 ||     8
 Cast: Shock             |    39 |    36 |    69 |    12 |    24 |       ||   180
       Static Discharge  |    17 |    38 |    31 |     5 |     7 |       ||    98
       Poisonous Vapours |       |     8 |    18 |    63 |    98 |    91 ||   278
       Airstrike         |       |       |    72 |   131 |   201 |   224 ||   628
       Conjure Flame     |       |       |       |     1 |     3 |     1 ||     5
       Ignite Poison     |       |       |       |    30 |    93 |   187 ||   310
       Olgreb's Toxic Ra |       |       |       |     6 |    49 |    82 ||   137
       Freezing Cloud    |       |       |       |     1 |    24 |     7 ||    32
       Lightning Bolt    |       |       |       |       |    20 |    34 ||    54
       Orb of Destructio |       |       |       |       |     9 |    82 ||    91
       Starburst         |       |       |       |       |       |     8 ||     8
Evoke: Wand              |       |     4 |     4 |       |     4 |     5 ||    17
  Use: Scroll            |       |     6 |     9 |     4 |    16 |     7 ||    42
       Potion            |       |       |     3 |     1 |     6 |     4 ||    14
Armor: Robe              |     4 |     1 |     5 |     5 |     3 |     1 ||    19
       Steam dragon scal |       |       |       |       |    40 |    40 ||    80
Dodge: Dodged            |     5 |    21 |    18 |    24 |    55 |   163 ||   286
Block: Buckler           |     3 |     9 |     8 |     7 |    55 |   135 ||   217
       Reflection        |       |       |       |       |    13 |    48 ||    61
